 Dungeon Crawl Stone Soup version 0.21-a0-351-g38363bb (webtiles) character file.

212 tidbits the Charmwright (level 5, 0/43 HPs)
             Began as a Gnoll Skald on Oct 9, 2017.
             Succumbed to a worker ant's poison
             ... on level 4 of the Dungeon.
             The game lasted 00:06:25 (960 turns).

tidbits the Charmwright (Gnoll Skald)                Turns: 960, Time: 00:06:26

Health: 0/43       AC: 10    Str: 14    XL:     5   Next: 89%
Magic:  2/12       EV: 17    Int: 21    God:
Gold:   152        SH:  0    Dex: 19    Spells: 2/14 levels left

rFire    . . .     SeeInvis .   a - +0 hand axe
rCold    . . .     Gourm    .   (no shield)
rNeg     . . .     Faith    .   B - +3 scale mail
rPois    .         Spirit   .   E - +0 helmet
rElec    .         Reflect  .   (no cloak)
rCorr    .         Harm     .   (no gloves)
MR       .....                  (no boots)
Stlth    ++........             (no amulet)
HPRegen  0.14/turn              (no ring)
MPRegen  0.13/turn              (no ring)

@: brilliant, agile, lethally poisoned (0 -> -8), very slightly contaminated
A: distributed training, fangs 1, strong nose
a: no special abilities


You were on level 4 of the Dungeon.
You were hungry.

You visited 1 branch of the dungeon, and saw 4 of its levels.

You collected 152 gold pieces.

Inventory:

Hand Weapons
 a - a +0 hand axe (weapon)
 k - a +0 flail
Missiles
 o - 4 tomahawks (quivered)
 p - 19 arrows
Armour
 m - a +0 leather armour
 B - a +3 scale mail (worn)
 E - a +0 helmet (worn)
Scrolls
 b - a scroll of enchant armour {unknown}
 e - 2 scrolls of identify {unknown}
 g - a scroll of teleportation {unknown}
 l - a scroll of amnesia {unknown}
Potions
 f - a potion of brilliance
 i - a potion of agility
Books
 c - a book of Battle

   Spells                             Type                      Level
   a - Infusion                       Charms                       1
   b - Shroud of Golubria             Charms/Translocation         2
   c - Song of Slaying                Charms                       2
   d - Spectral Weapon                Hexes/Charms                 3
   e - Regeneration                   Charms/Necromancy            3
 j - a book of Cantrips
   (You found it on level 2 of the Dungeon)

   Spells                             Type                      Level
   a - Confusing Touch                Hexes                        1
   b - Animate Skeleton               Necromancy                   1
   c - Summon Small Mammal            Summoning                    1
   d - Apportation                    Translocation                1
Comestibles
 d - a bread ration
 h - 2 meat rations
 n - 6 chunks of flesh


   Skills:
 + Level 4.8 Fighting
 + Level 1.6 Short Blades
 + Level 1.6 Long Blades
 + Level 4.8 Axes
 + Level 1.6 Maces & Flails
 + Level 1.6 Polearms
 + Level 1.6 Staves
 + Level 1.6 Slings
 + Level 1.6 Bows
 + Level 1.6 Crossbows
 + Level 1.6 Throwing
 + Level 3.0 Armour
 + Level 4.8 Dodging
 + Level 1.6 Stealth
 + Level 1.6 Shields
 + Level 1.6 Unarmed Combat
 + Level 5.2 Spellcasting
 + Level 1.6 Conjurations
 + Level 1.6 Hexes
 + Level 6.7 Charms
 + Level 1.6 Summonings
 + Level 1.6 Necromancy
 + Level 1.6 Translocations
 + Level 1.6 Transmutations
 + Level 1.6 Fire Magic
 + Level 1.6 Ice Magic
 + Level 1.6 Air Magic
 + Level 1.6 Earth Magic
 + Level 1.6 Poison Magic
 + Level 1.6 Invocations
 + Level 1.6 Evocations


You had 2 spell levels left.
You knew the following spells:

 Your Spells              Type           Power        Failure   Level  Hunger
a - Apportation           Tloc           ####..       2%          1    None
g - Shroud of Golubria    Chrm/Tloc      #####.....   1%          2    None
i - Infusion              Chrm           ####         1%          1    None
r - Regeneration          Chrm/Necr      #####.....   2%          3    ##.....
w - Spectral Weapon       Hex/Chrm       #####...     2%          3    ##.....
y - Song of Slaying       Chrm           #####...     1%          2    None


Dungeon Overview and Level Annotations

Branches:
Dungeon (4/15)
 Temple: D:4-7

Altars:
Trog
Zin


Innate Abilities, Weirdness & Mutations

Your experience applies equally to all skills.
You have very sharp teeth.
Your uncanny sense of smell can sniff out nearby items.


Message History

The ball python bites you but does no damage.
The ball python constricts you.
The bullfrog skeleton closely misses you.
The worker ant bites you.
* * * LOW HITPOINT WARNING * * *
You are more poisoned.
The worker ant poisons you!
The hobgoblin hits your spectral weapon with a club.
The ball python barely misses you. The ball python constricts you.
The goblin shoots a stone.
The stone hits you but does no damage.
An orc wizard comes into view. It is wielding a dagger.
Unknown command.
It was a potion of brilliance.
You feel clever all of a sudden.
Your skin is crawling a little less now.
You feel sick. The bullfrog skeleton hits you.
* * * LOW HITPOINT WARNING * * *
The worker ant closely misses you.
The hobgoblin hits you but does no damage.
The ball python barely misses you. The ball python constricts you.
The goblin shoots a stone.
The stone closely misses you.
The bullfrog skeleton hits you but does no damage.
You feel agile all of a sudden.
You feel sick.
The worker ant bites you but does no damage.
The ball python completely misses you. The ball python constricts you.
The hobgoblin hits you but does no damage.
The bullfrog skeleton completely misses you.
The goblin shoots a stone.
The stone hits you but does no damage.
The orc wizard casts a spell.
The orc wizard flickers and vanishes!
Deactivating autopickup; reactivate with Ctrl-A.
Unknown command.
You hit the worker ant but do no damage.
You hit the bullfrog skeleton.
Your scale mail prevents you from hitting the ball python.
You hit the hobgoblin but do no damage.
You feel sick.
Your spectral weapon hits the worker ant.
The worker ant misses you. The ball python barely misses you.
The ball python constricts you. The bullfrog skeleton hits you.
* * * LOW HITPOINT WARNING * * *
The hobgoblin barely misses you.
The worker ant bites you but does no damage.
Unknown command.
You closely miss the worker ant.
You bite the worker ant, but do no damage.
The worker ant is moderately wounded.
You hit the bullfrog skeleton. You hit the goblin.
You barely miss the ball python. You hit the hobgoblin.
You kill the hobgoblin!
You feel sick.
Your spectral weapon hits the worker ant.
The ball python bites you but does no damage.
The ball python constricts you.
The bullfrog skeleton closely misses you.
The worker ant closely misses you. The ball python closely misses you.
The ball python constricts you.
The bullfrog skeleton barely misses you.
Unknown command.
You hit the worker ant but do no damage.
The worker ant is heavily wounded.
You hit the ball python.
You kill the ball python!
You closely miss the goblin. You hit the bullfrog skeleton.
You feel sick.
Your spectral weapon closely misses the worker ant.
The goblin unwields an uncursed hunting sling.
The goblin wields an uncursed dagger.
The goblin misses you.
The worker ant bites you but does no damage.
The bullfrog skeleton misses you.
You hit the worker ant.
The worker ant is almost dead.
You hit the bullfrog skeleton. You closely miss the goblin.
You feel sick.
Your spectral weapon barely misses the worker ant.
The worker ant misses you. The goblin barely misses you.
The bullfrog skeleton hits you but does no damage.
You hit the worker ant but do no damage.
The worker ant is almost dead.
You hit the goblin.
You kill the goblin!
You barely miss the bullfrog skeleton.
Your skin stops crawling.
* * * LOW HITPOINT WARNING * * *
You feel sick.
Your spectral weapon misses the worker ant.
Your spectral weapon barely misses something.
The worker ant bites you.
* * * LOW HITPOINT WARNING * * *
The bullfrog skeleton closely misses you.
Something hits your spectral weapon.
Your spectral weapon shares its damage with you!
* * * LOW HITPOINT WARNING * * *
The bullfrog skeleton hits you but does no damage.
The worker ant misses you.
An orc comes into view. It is wielding a dagger.
Okay, then.
* * * LOW HITPOINT WARNING * * *
You feel sick.
Found 7 gold pieces.
You see here a ball python corpse.
You die...

#.#
#########o.
....#.....##
...........##
....(.!.....#
......)(...>#
..(....aZ...#
......))†...#
........>@..#
............#
...........##
............
##..##.......
... .........
.#
####...$...
#........


You could see a worker ant, an orc, a bullfrog skeleton and a friendly spectral
hand axe.

Vanquished Creatures
  An orc wizard (D:3)
  An orc priest (D:2)
  A hound (D:3)
  Terence (D:3)
  Robin (D:3)
  2 adders (D:3)
  A leopard gecko (D:2)
  8 orcs
  5 bats
  5 giant cockroaches
  13 goblins
  9 hobgoblins
  3 ball pythons
  3 frilled lizards
  3 kobolds
  3 rats
60 creatures vanquished.

Notes
Turn   | Place    | Note
-------+----------+-------------------------------------------
     0 | D:1      | tidbits the Gnoll Skald began the quest for the Orb.
     0 | D:1      | Reached XP level 1. HP: 20/20 MP: 6/6
    92 | D:1      | Reached XP level 2. HP: 26/26 MP: 2/7
   101 | D:1      | Learned a level 2 spell: Song of Slaying
   104 | D:1      | Learned a level 2 spell: Shroud of Golubria
   361 | D:2      | Learned a level 1 spell: Apportation
   379 | D:2      | Reached XP level 3. HP: 30/31 MP: 5/9
   384 | D:2      | Learned a level 3 spell: Spectral Weapon
   413 | D:2      | Reached skill level 5 in Spellcasting
   419 | D:2      | Reached skill level 1 in Short Blades
   419 | D:2      | Reached skill level 1 in Long Blades
   419 | D:2      | Reached skill level 1 in Maces & Flails
   419 | D:2      | Reached skill level 1 in Polearms
   419 | D:2      | Reached skill level 1 in Staves
   419 | D:2      | Reached skill level 1 in Slings
   419 | D:2      | Reached skill level 1 in Bows
   419 | D:2      | Reached skill level 1 in Crossbows
   419 | D:2      | Reached skill level 1 in Throwing
   419 | D:2      | Reached skill level 1 in Stealth
   419 | D:2      | Reached skill level 1 in Shields
   419 | D:2      | Reached skill level 1 in Unarmed Combat
   419 | D:2      | Reached skill level 1 in Conjurations
   419 | D:2      | Reached skill level 1 in Hexes
   419 | D:2      | Reached skill level 1 in Summonings
   419 | D:2      | Reached skill level 1 in Necromancy
   419 | D:2      | Reached skill level 1 in Translocations
   419 | D:2      | Reached skill level 1 in Transmutations
   419 | D:2      | Reached skill level 1 in Fire Magic
   419 | D:2      | Reached skill level 1 in Ice Magic
   419 | D:2      | Reached skill level 1 in Air Magic
   419 | D:2      | Reached skill level 1 in Earth Magic
   419 | D:2      | Reached skill level 1 in Poison Magic
   419 | D:2      | Reached skill level 1 in Invocations
   419 | D:2      | Reached skill level 1 in Evocations
   425 | D:2      | Learned a level 3 spell: Regeneration
   444 | D:3      | Reached XP level 4. HP: 38/38 MP: 4/11
   477 | D:3      | Found a bloodstained altar of Trog.
   538 | D:3      | Found a glowing silver altar of Zin.
   604 | D:3      | Reached XP level 5. HP: 41/43 MP: 8/12
   711 | D:3      | Noticed Terence
   744 | D:3      | Killed Terence
   795 | D:3      | Reached skill level 3 in Armour
   915 | D:4      | Noticed Robin
   931 | D:3      | Killed Robin
   958 | D:4      | HP: 2/43 [worker ant (6)]
   960 | D:4      | Succumbed to a worker ant's poison

Vault maps used:
D:1:      minmay_arrival_three_doors
D:2:      chequers_ecumenical_altar_island
D:3:      zin_treasury, nicolae_overflow_hidden_temple, lemuel_crystal_altar,
          uniq_terence
D:4:      uniq_robin

Skill      XL: |  1  2  3  4  5 |
---------------+----------------+-----
Spellcasting   | 5 |  5.2
Short Blades   | 1 |  1.6
Long Blades    | 1 |  1.6
Maces & Flails | 1 |  1.6
Polearms       | 1 |  1.6
Staves         | 1 |  1.6
Slings         | 1 |  1.6
Bows           | 1 |  1.6
Crossbows      | 1 |  1.6
Throwing       | 1 |  1.6
Stealth        | 1 |  1.6
Shields        | 1 |  1.6
Unarmed Combat | 1 |  1.6
Conjurations   | 1 |  1.6
Hexes          | 1 |  1.6
Summonings     | 1 |  1.6
Necromancy     | 1 |  1.6
Translocations | 1 |  1.6
Transmutations | 1 |  1.6
Fire Magic     | 1 |  1.6
Ice Magic      | 1 |  1.6
Air Magic      | 1 |  1.6
Earth Magic    | 1 |  1.6
Poison Magic   | 1 |  1.6
Invocations    | 1 |  1.6
Evocations     | 1 |  1.6
Armour         | 3 |  3.0
Fighting       | |  4.8
Axes           | |  4.8
Dodging        | |  4.8
Charms         | |  6.7

Action                   |  1- 3 |  4- 6 || total
-------------------------+-------+-------++-------
Melee: Hand axe          |    55 |    77 ||   132
       Bite              |     6 |     9 ||    15
       Punch             |       |     1 ||     1
Throw: Tomahawk          |       |     5 ||     5
 Cast: Infusion          |     8 |     2 ||    10
       Spectral Weapon   |     2 |    10 ||    12
       Regeneration      |     1 |     3 ||     4
  Use: Potion            |       |     2 ||     2
 Stab: Distracted        |       |     1 ||     1
  Eat: Chunk             |       |     1 ||     1
Armor: Leather armour    |    14 |     9 ||    23
       Scale mail        |       |    47 ||    47
Dodge: Dodged            |    38 |   114 ||   152

Table legend:
 A = Spawn XP
 B = Non-spawn XP
 C = Spawn XP percentage of total XP
 D = Spawn monster count
 E = Non-spawn monster count
 F = Spawn count percentage of total count
 G = Total turns spent on level
                    A         B        C        D         E        F      G
               +---------+---------+-------+---------+---------+-------+---------
         Total |       0 |     303 |   0.0 |       0 |      60 |   0.0 |   960
               +---------+---------+-------+---------+---------+-------+---------
           D:1 |       0 |      19 |   0.0 |       0 |      11 |   0.0 |   186
           D:2 |       0 |      59 |   0.0 |       0 |      11 |   0.0 |   262
           D:3 |       0 |     212 |   0.0 |       0 |      31 |   0.0 |   492
           D:4 |       0 |      13 |   0.0 |       0 |       7 |   0.0 |    20
               +---------+---------+-------+---------+---------+-------+---------

Table legend:
 A = Turns spent in this place as a percentage of turns spent in the entire game.
 B = Non-inter-level travel turns spent in this place as a percentage of non-inter-level travel turns spent in the entire game.
 C = Inter-level travel turns spent in this place as a percentage of turns spent in this place.
 D = Turns resting spent in this place as a percentage of non-inter-level travel turns spent in this place.
 E = Turns spent auto-exploring this place as a percentage of non-inter-level travel turns spent in this place.
 F = Non-inter-level travel turns spent in this place divided by the number of levels of this place that you've seen.
                   A       B       C       D       E      F
               +-------+-------+-------+-------+-------+----------------------
         Total | 100.0 | 100.0 |   2.5 |   0.0 |   0.0 | 234.0
       Dungeon | 100.0 | 100.0 |   2.5 |   0.0 |   0.0 | 234.0
               +-------+-------+-------+-------+-------+----------------------

Table legend:
 A = Kills in this place as a percentage of kills in entire the game.
 B = Kills by you in this place as a percentage of kills by you in the entire game.
 C = Kills by friends in this place as a percentage of kills by friends in the entire game.
 D = Other kills in this place as a percentage of other kills in the entire game.
 E = Experience gained in this place as a percentage of experience gained in the entire game.
 F = Experience gained in this place divided by the number of levels of this place that you have seen.
                   A       B       C       D       E      F
               +-------+-------+-------+-------+-------+----------------------
         Total | 100.0 | 100.0 |   N/A |   N/A | 100.0 |  75.8
       Dungeon | 100.0 | 100.0 |   N/A |   N/A | 100.0 |  75.8
               +-------+-------+-------+-------+-------+----------------------

Vault maps used:
D:1:      minmay_arrival_three_doors
D:2:      chequers_ecumenical_altar_island
D:3:      zin_treasury, nicolae_overflow_hidden_temple, lemuel_crystal_altar,
          uniq_terence
D:4:      uniq_robin
